 Dungeon Sprint DCSS version 0.29-a0-598-gd8304a5bf4 (webtiles) character file.

Game seed: 14010307397698418727

802 HoaS the Basher (level 7, 0/48 HPs)
             Began as a Gargoyle Fighter on June 15, 2022.
             Was a Follower of Makhleb.
             Slain by an unseen horror (1 damage)
             ... in the Dungeon (Sprint IX: "|||||||||||||||||||||||||||||").
             The game lasted 00:03:20 (285 turns).

HoaS the Basher (Gargoyle Fighter)                   Turns: 285, Time: 00:03:20

Health: 0/48       AC: 16    Str: 24    XL:     7   Next: 90%
Magic:  7/7        EV: 10    Int: 12    God:    Makhleb [*.....]
Gold:   0          SH:  4    Dex:  9    Spells: 6/6 levels left

rFire   . . .      SeeInvis .   a - +0 flail
rCold   . . .      Faith    .   c - +0 buckler
rNeg    + . .      Spirit   .   n - +2 ring mail
rPois   ∞          Reflect  .   (no helmet)
rElec   +          Harm     .   o - +0 cloak
rCorr   .          Rampage  .   (no gloves)
Will    .....      NoTele   +   p - +0 pair of boots
Stlth   ..........              (no amulet)
HPRegen 0.16/turn               l - +3 ring of strength
MPRegen 0.10/turn               m - +3 ring of intelligence

@: on berserk cooldown, slowed, very slow
A: sickness immunity, AC +4, negative energy resistance 1, electricity
resistance, torment resistance 1, petrification resistance
a: Renounce Religion


You were in the Dungeon.
You worshipped Makhleb.
Makhleb was aware of your devotion.
You visited 1 branch

Inventory:

Hand Weapons
 a - a +0 flail (weapon)
Armour
 c - a +0 buckler (worn)
 n - a +2 ring mail (worn)
 o - a +0 cloak (worn)
 p - a +0 pair of boots (worn)
Jewellery
 l - a +3 ring of strength (left hand)
 m - a +3 ring of intelligence (right hand)
Wands
 k - a wand of iceblast (10)
Scrolls
 j - 2 scrolls of blinking
Potions
 d - a potion of invisibility
 e - 5 potions of curing
 f - 2 potions of heal wounds
 h - 4 potions of magic


   Skills:
 * Level 7.3 Fighting
 - Level 14.0 Maces & Flails
 * Level 7.7 Armour
 - Level 5.0 Shields


You had 6 spell levels left.
You didn't know any spells.
Your spell library was empty.

Dungeon Overview and Level Annotations

Branches:
Dungeon (1/1)

Altars:
Cheibriados
Dithmenos
Elyvilon
Fedhas
Gozag
Hepliaklqana
Kikubaaqudgha
Makhleb
Nemelex Xobeh
Okawaru
Qazlal
Ru
Sif Muna
Trog
Uskayaw
Vehumet
Wu Jian
Xom
Yredelemnul
Zin
The Shining One
Beogh
Jiyva
Lugonu


Innate Abilities, Weirdness & Mutations

You are immune to sickness and miasma.
Your stone body is resilient. (AC +4)
You are immune to poison.
You resist negative energy. (rN+)
You are resistant to electric shocks. (rElec)
You are resistant to unholy torment.
You are immune to petrification.


Message History

The troll is severely wounded.
You thump the troll!
The troll is almost dead.
The troll bites you but does no damage. The troll claws you.
* * * LOW HITPOINT WARNING * * *
The troll barely misses you.
You thump the troll!
You kill the troll!
Makhleb accepts your kill.
You can now gain health from killing.
Training target 5.0 for Shields reached!
Your Fighting skill gained 2 levels and is now at level 7!
Your Armour skill gained 2 levels and is now at level 7!
Your Shields skill increases to level 5!
The howler monkey barely misses you.
There is an open door to the Dungeon, spattered with blood here.
Items here: )) [ †.
You sock the howler monkey!
The howler monkey is almost dead.
The howler monkey hits you but does no damage.
You barely miss the howler monkey.
The howler monkey is almost dead.
You barely miss the howler monkey.
The howler monkey is almost dead.
The howler monkey completely misses you.
You barely miss the howler monkey.
The howler monkey is almost dead.
You hit the howler monkey.
You kill the howler monkey!
Makhleb accepts your kill.
You are no longer berserk.
You are exhausted.
You feel yourself slow down. Something hits you but does no damage.
Deactivating autopickup; reactivate with Ctrl-A.
You barely miss something. Something hits you but does no damage.
Something hits you.
* * * LOW HITPOINT WARNING * * *
Something hits you.
* * * LOW HITPOINT WARNING * * *
You hit something. Something hits you.
You die... ▓▓▓▓▓▓▓▓▓▓▓▓▓▓▓▓▓▓▓▓▓▓▓▓ ______'..)......@{Y....+ ▓▓▓▓▓▓▓▓▓▓▓▓▓▓▓▓▓▓▓▓▓▓▓▓

You could see a yak.

Vanquished Creatures
  A gargoyle (D)
  A troll (D)
  2 necrophages (D)
  A scorpion (D)
  A howler monkey (D)
  A hound (D)
  An orc wizard (D)
  An adder (D)
  A goblin (D)
  A kobold (D)
  A quokka (D)
  2 frilled lizards (D)
14 creatures vanquished.

Notes
Turn   | Place    | Note
-------+----------+-------------------------------------------
     0 | D        | HoaS the Gargoyle Fighter began the quest for the Orb.
     0 | D        | Reached XP level 1. HP: 14/14 MP: 1/1
     7 | D        | Banished a spatial maelstrom
    11 | D        | Reached skill level 3 in Maces & Flails
    20 | D        | Reached skill level 4 in Maces & Flails
    48 | D        | Noticed a necrophage
    48 | D        | Noticed a hound
    48 | D        | Noticed a scorpion
    48 | D        | Noticed a necrophage
    54 | D        | Killed a necrophage
    55 | D        | Reached skill level 8 in Maces & Flails
    55 | D        | Reached XP level 2. HP: 15/19 MP: 2/2
    55 | D        | Reached XP level 3. HP: 18/23 MP: 3/3
    55 | D        | Reached XP level 4. HP: 22/28 MP: 4/4
    60 | D        | Reached skill level 9 in Maces & Flails
    68 | D        | Killed a scorpion
    69 | D        | Reached skill level 10 in Maces & Flails
    69 | D        | Reached XP level 5. HP: 13/32 MP: 5/5
    76 | D        | Reached skill level 12 in Maces & Flails
    76 | D        | Reached XP level 6. HP: 31/37 MP: 6/6
    81 | D        | Found a snail-covered altar of Cheibriados.
    81 | D        | Found a shadowy altar of Dithmenos.
    81 | D        | Found a white marble altar of Elyvilon.
    81 | D        | Found a blossoming altar of Fedhas.
    81 | D        | Found an opulent altar of Gozag.
    82 | D        | Found a hazy altar of Hepliaklqana.
    83 | D        | Found a viscous altar of Jiyva.
    84 | D        | Found an ancient bone altar of Kikubaaqudgha.
    85 | D        | Found a corrupted altar of Lugonu.
    86 | D        | Found a burning altar of Makhleb.
    87 | D        | Found a sparkling altar of Nemelex Xobeh.
    88 | D        | Found an iron altar of Okawaru.
    89 | D        | Found a stormy altar of Qazlal.
    90 | D        | Found a sacrificial altar of Ru.
    91 | D        | Found a shimmering blue altar of Sif Muna.
    92 | D        | Found a bloodstained altar of Trog.
    93 | D        | Found a hide-covered altar of Uskayaw.
    94 | D        | Became a worshipper of Makhleb the Destroyer
    95 | D        | Found a radiant altar of Vehumet.
    96 | D        | Found an ornate altar of the Wu Jian Council.
    97 | D        | Found a shimmering altar of Xom.
    98 | D        | Found a basalt altar of Yredelemnul.
    99 | D        | Found a glowing silver altar of Zin.
   100 | D        | Found a glowing golden altar of the Shining One.
   256 | D        | Noticed a gargoyle
   256 | D        | Noticed a troll
   256 | D        | Noticed a yak
   266 | D        | Killed a gargoyle
   267 | D        | Reached skill level 14 in Maces & Flails
   267 | D        | Reached skill level 5 in Fighting
   267 | D        | Reached skill level 5 in Armour
   267 | D        | Reached XP level 7. HP: 41/44 MP: 7/7
   277 | D        | Killed a troll
   277 | D        | Reached * piety under Makhleb
   278 | D        | Reached skill level 5 in Shields
   284 | D        | HP: 1/48 [something (4)]
   285 | D        | Slain by an unseen horror

Illustrated notes

Levels and vault maps discovered:
D:        linesprint [early_d, line_temple, items_1, d_10, items_2, lair_1,
          lair_end, items_3, orc_1, orc_end, items_4, d_15, swamp_1, shoals_1,
          snake_1, spider_1, d_20, vaults_1, items_5, swamp_end, shoals_end,
          snake_end, spider_end, vaults_end, d_27, items_6, zot_1, zot_end,
          crypt_end, forest_end, elf_end, slime_end, tomb_end, abyss_end,
          pan_hell_end]

Skill      XL: |  1  2  3  4  5  6  7 |
---------------+----------------------+-----
Maces & Flails | 8 10 12 14 | 14.0
Fighting       | 5 7 |  7.3
Armour         | 5 7 |  7.7
Shields        | 4 5 |  5.0

Action                   |  1- 3 |  4- 6 |  7- 9 || total
-------------------------+-------+-------+-------++-------
Melee: Flail             |    20 |    28 |    18 ||    66
  Use: Potion            |     2 |     2 |       ||     4
Armor: Scale mail        |     7 |     3 |       ||    10
       Ring mail         |       |     2 |     7 ||     9
Dodge: Dodged            |     7 |     6 |     6 ||    19
Block: Buckler           |     4 |     1 |       ||     5

Table legend: (Time is in decaauts)
 A = Elapsed time spent in this place.
 B = Non-inter-level travel time spent in this place.
 C = Inter-level travel time spent in this place.
 D = Time resting spent in this place.
 E = Time spent auto-exploring this place.
 F = Levels seen in this place.
 G = Mean time per level.
                   A        B        C        D        E       F      G
               +--------+--------+--------+--------+--------+-----+--------+
         Total |    257 |    257 |      0 |     22 |      0 |   1 |  257.0 |
       Dungeon |    257 |    257 |      0 |     22 |      0 |   1 |  257.0 |
               +--------+--------+--------+--------+--------+-----+--------+

Top non-repeatable levels by time:
       D: 257 daAuts
